 Dungeon Crawl Stone Soup version 0.30.0-29-ga12c61a403 (webtiles) character file.

Game seed: 16951734935928927869

1610 booth the Chopper (level 8, -6/61 HPs)
             Began as a Demonspawn Reaver on June 24, 2023.
             Was an Initiate of Ashenzari.
             Killed by divine providence
             ... invoked by an orc priest
              (13 damage)
             ... on level 7 of the Dungeon on June 25, 2023.
             The game lasted 00:47:27 (6614 turns).

booth the Chopper (Demonspawn Reaver)               Turns: 6614, Time: 00:47:28

Health: -6/61      AC: 13    Str: 14    XL:     8   Next: 63%
Magic:  0/14       EV: 13    Int: 14    God:    Ashenzari [......]
Gold:   421        SH:  0    Dex: 13    Spells: 7/15 levels left

rFire   . . .        a - +2 hand axe (heavy)
rCold   . . .        (no shield)
rNeg    . . .        b - +0 leather armour
rPois   .            s - +0 helmet
rElec   .            t - scarf {repulsion}
rCorr   +            (no gloves)
SInv    .            m - +2 pair of boots
Will    .....        k - amulet "I Knew You'd Do That" {Spirit, Evo, Melee} (curse)
Stlth   +            p - ring of resist corrosion
HPRegen 0.30/turn    d - +4 ring of protection
MPRegen 0.14/turn

%: repel missiles, guardian spirit
@: confused, hasted, very quick
A: yellow scales 1, demonic guardian 1, powered by pain 2, weakness stinger 2
a: Renounce Religion, Curse Item, Shatter the Chains


You were on level 7 of the Dungeon.
You worshipped Ashenzari.
Ashenzari was noncommittal.
You visited 2 branches of the dungeon, and saw 8 of its levels.

You collected 421 gold pieces.

Inventory:

Hand Weapons
 a - a +2 heavy hand axe (weapon)
 e - a +0 mace
Missiles
 h - 9 poisoned darts
 q - 8 boomerangs
 v - a throwing net
Armour
 b - a +0 leather armour (worn)
 m - a +2 pair of boots (worn)
 o - the +0 ring mail of Dogma {rF+}
   (You found it on level 6 of the Dungeon)

   rF:        It protects you from fire.
 s - a +0 helmet (worn)
 t - a scarf of repulsion (worn)
Jewellery
 d - a +4 ring of protection (right hand)
 i - an amulet of faith
 k - the cursed amulet "I Knew You'd Do That" (around neck) {Spirit, Evo, Melee}
   (You found it on level 2 of the Dungeon)

   [amulet of guardian spirit]

   It causes incoming damage to be divided between your reserves of health and
   magic.
   It has a curse which improves the following skills: Evocations: Evocations.
   Melee Combat: Short Blades, Long Blades, Axes, Maces & Flails, Polearms,
   Staves and Unarmed Combat.
 p - a ring of resist corrosion (left hand)
Wands
 j - a wand of acid (13)
 r - a wand of roots (16)
Scrolls
 c - 4 scrolls of teleportation
 l - a scroll of magic mapping {unknown}
Potions
 f - a potion of flight


   Skills:
 + Level 4.7 Fighting
 * Level 6.3(6.7) Axes
 + Level 0.3 Armour
 - Level 4.3 Dodging
 + Level 4.4 Spellcasting
 + Level 5.4 Conjurations


You had 7 spell levels left.
You knew the following spells:

 Your Spells              Type           Power      Damage    Failure   Level
a - Kiss of Death         Conj/Necr      40%        2d8       8%          1
b - Momentum Strike       Conj/Tloc      20%        3d8       12%         2
c - Hailstorm             Conj/Ice       10%        3d5       24%         3
d - Searing Ray           Conj           36%        2d5       3%          2

Your spell library contained the following spells:

 Spells                   Type           Power      Damage    Failure   Level
 Magic Dart               Conj           72%        1d6       2%          1
 Call Canine Familiar     Summ           3%         N/A       56%         3
 Portal Projectile        Hex/Tloc       6%         N/A       56%         3
 Summon Guardian Golem    Hex/Summ       3%         N/A       56%         3
 Fulminant Prism          Conj/Hex       5%         3d7       61%         4
 Animate Dead             Necr           3%         N/A       93%         4
 Ice Form                 Ice/Tmut       3%         N/A       93%         4
 Leda's Liquefaction      Hex/Erth       1%         N/A       93%         4
 Borgnjor's Vile Clutch   Necr/Erth      1%         N/A       100%        5
 Death Channel            Necr           1%         N/A       100%        6
 Simulacrum               Ice/Necr       1%         N/A       100%        6
 Orb of Destruction       Conj           9%         9d6       100%        7
 Spellforged Servitor     Conj/Summ      5%         N/A       100%        7


Dungeon Overview and Level Annotations

Branches:
Dungeon (7/15)             Temple (1/1) D:4

Altars:
Ashenzari
Dithmenos
Fedhas
Gozag
Kikubaaqudgha
Makhleb
Nemelex Xobeh
Okawaru
Sif Muna
Trog
Wu Jian
Xom
Yredelemnul

Shops:
D:5 [

Annotations:
D:6 3 runed translucent doors, safid's ghost, novice MfIE


Innate Abilities, Weirdness & Mutations

You are partially covered in yellow scales. (AC +2)
A weak demonic guardian rushes to your aid.
You sometimes gain power by taking damage.
You have a tail ending in a sharp stinger.


Message History

The puff of flame hits you. The orc hits you but does no damage.
The orc priest hits you with a +0 hand axe.
The bullfrog snags a nearby fly with its tongue.
The bullfrog hits you but does no damage.
The orc priest hits you with a +0 hand axe.
Something completely misses you. The orc misses you.
You hit the orc priest. You tail-slap the orc priest.
The orc priest is heavily wounded.
You slash the orc!
You kill the orc!
You barely miss something. You hit the bullfrog.
The bullfrog completely misses you.
The bullfrog hits you but does no damage.
Something hits you but does no damage. The orc priest barely misses you.
You barely miss the orc priest.
The orc priest is heavily wounded.
You slash the bullfrog! You closely miss something.
The bullfrog closely misses you. Something hits you but does no damage.
The bullfrog hits you but does no damage.
The orc priest invokes the aid of Beogh against you.
Pain shoots through your body! The bullfrog completely misses you.
You hear some strange, mumbled words.
You are confused.
The orc priest misses you. Something hits you but does no damage.
The orc priest attacks as you move away!
The orc priest hits you but does no damage.
You're too confused to move!
The bullfrog closely misses you. Something hits you.
The bullfrog hits you but does no damage.
The orc priest calls down the wrath of Beogh upon you.
Beogh smites you!
* * * LOW HITPOINT WARNING * * *
A demonic guardian appears!
You feel yourself speed up. The bullfrog completely misses you.
You hear some strange, mumbled words.
Something tries to affect you, but you resist.
The orc priest mumbles some strange prayers to Beogh against you.
Beogh smites you!
You die...

### ..# #########
#.# ##........ ###.#
#.......# #.#.#
#.......#
#.#.######{Fo5...#
#.#.##.....@.....#
#<..##...).......#
##...............#
#.....##...........#
####..##...........#
#>..##...........#
#.#.##...........#
#...##....########
..........#


You could see a bullfrog, an orc priest (ally target) and a friendly white imp
(summoned).

Vanquished Creatures
  Prince Ribbit (D:5)
  A steam dragon (D:6)
  A black bear (D:5)
  A centaur (D:7)
  3 phantoms
  Blork the orc (D:5)
  2 hounds
  A jelly (D:5)
  A gnoll bouda (D:5)
  An orc priest (D:4)
  Terence (D:2)
  An iguana (D:5)
  An orc wizard (D:5)
  Robin (D:4)
  12 gnolls
  4 adders
  2 worms (D:5)
  4 dart slugs
  4 orcs
  7 endoplasms
  2 giant cockroaches (D:1)
  7 hobgoblins
  7 jackals
  5 quokkas
  4 ball pythons
  4 bats
  2 frilled lizards
  17 goblins
  10 kobolds
  6 rats
114 creatures vanquished.

Vanquished Creatures (collateral kills)
  2 black bears
  An ogre (D:5)
  A hound (D:5)
  2 gnolls (D:4)
  A white imp (D:6)
7 creatures vanquished.

Grand Total: 121 creatures vanquished

Notes
Turn   | Place    | Note
-------+----------+-------------------------------------------
     0 | D:1      | booth the Demonspawn Reaver began the quest for the Orb.
     0 | D:1      | Reached XP level 1. HP: 16/16 MP: 3/3
   173 | D:1      | Gained mutation: You have a small tail. [demonic ancestry]
   173 | D:1      | Reached XP level 2. HP: 22/22 MP: 5/5
   176 | D:1      | Learned a level 2 spell: Momentum Strike
   457 | D:1      | Reached skill level 3 in Axes
   469 | D:1      | Gained mutation: You are partially covered in yellow
                  | scales. (AC +2) [demonic ancestry]
   469 | D:1      | Reached XP level 3. HP: 15/27 MP: 6/6
   473 | D:1      | Learned a level 3 spell: Hailstorm
   798 | D:2      | Noticed Terence
   815 | D:2      | Killed Terence
   977 | D:2      | Gained mutation: You have a tail ending in a sharp stinger.
                  | [demonic ancestry]
   977 | D:2      | Reached XP level 4. HP: 21/33 MP: 7/7
  1872 | D:3      | Found a faded altar of an unknown god.
  1881 | D:3      | You fall into a shaft and drop 2 floors!
  1881 | D:5      | Entered Level 5 of the Dungeon
  1900 | D:5      | Noticed Prince Ribbit
  1929 | D:5      | Killed Prince Ribbit
  1930 | D:5      | Reached skill level 4 in Axes
  1930 | D:5      | Gained mutation: A weak demonic guardian rushes to your
                  | aid. [demonic ancestry]
  1930 | D:5      | Reached XP level 5. HP: 10/41 MP: 1/9
  1930 | D:5      | Gained mutation: You sometimes gain a little power by
                  | taking damage. [demonic ancestry]
  1930 | D:5      | Reached XP level 6. HP: 11/47 MP: 1/10
  2474 | D:3      | Found a broken altar of Ashenzari.
  2478 | D:3      | Became a worshipper of Ashenzari the Shackled
  2520 | D:3      | Learned a level 2 spell: Searing Ray
  3162 | D:4      | Found a staircase to the Ecumenical Temple.
  3175 | Temple   | Entered the Ecumenical Temple
  3492 | D:4      | Gained mutation: You sometimes gain power by taking damage.
                  | [demonic ancestry]
  3492 | D:4      | Reached XP level 7. HP: 52/52 MP: 10/12
  3602 | D:4      | Noticed Robin
  3612 | D:4      | Killed Robin
  4000 | D:4      | Found an opulent altar of Gozag.
  4367 | D:4      | Found a basalt altar of Yredelemnul.
  4685 | D:5      | Reached skill level 5 in Axes
  4810 | D:5      | Noticed Blork the orc
  4824 | D:5      | Killed Blork the orc
  4960 | D:5      | HP: 1/54 [ogre/+0 giant club (18)]
  4974 | D:5      | Reached XP level 8. HP: 5/60 MP: 13/13
  5359 | D:5      | Reached skill level 5 in Conjurations
  5493 | D:5      | Found Xuanaem's Antique Armour Shoppe.
  5989 | D:6      | Found a runed translucent gate.
  5992 | D:6      | Found an opulent altar of Gozag.
  5997 | D:6      | Found a runed translucent gate.
  5997 | D:6      | Found a runed translucent gate.
  6000 | D:6      | Noticed safid's ghost (novice MfIE)
  6000 | D:6      | Noticed a gargoyle
  6067 | D:6      | Reached skill level 6 in Axes
  6158 | D:6      | Found a shimmering blue altar of Sif Muna.
  6168 | D:6      | Found an ornate altar of the Wu Jian Council.
  6463 | D:6      | Identified the +0 ring mail of Dogma {rF+}
  6614 | D:7      | Killed from afar by an orc priest

Illustrated notes

Levels and vault maps discovered:
D:1:      dpeg_arrival_arbitrary_c, layout_rooms, minmay_box_of_dots
D:2:      layout_basic, uniq_terence
D:3:      layout_rooms, nicolae_ashenzari_skybound,
          chequers_ecumenical_altar_simple_redux, serial_corexii_hall,
          corexii_hall_statues_t, chequers_hall_statues_wall_a,
          corexii_hall_statues_l, corexii_hall_statues_i,
          nicolae_figureground_pulse
D:4:      layout_gridville, grunt_temple_overflow_gold_and_silver,
          mainiacjoe_overflow_24_doors, minmay_temple_entry_sparse_star,
          uniq_robin
D:5:      layout_rooms, nicolae_tso_swordbearing_angel, serial_shops, shop,
          cheibrodos_sewer_entry_bend, minmay_misc_feat_rows,
          hangedman_decor_clover_reticule, hex_medium, serial_bayou_pond_d,
          st_stairs_3, kennysheep_flooded_box, uniq_blork_the_orc,
          uniq_menkaure, uniq_prince_ribbit1
D:6:      layout_gridville, lemuel_crystal_altar, nzn_wu_jian_contemplation,
          ebering_ghost_gozag
D:7:      layout_basic
Temple:   hellmonk_temple_beads

Skill      XL: |  1  2  3  4  5  6  7  8 |
---------------+-------------------------+-----
Dodging        | 2 3 4 |  4.3
Axes           | 3 4 5 6 |  6.3
Fighting       | 3 4 |  4.7
Spellcasting   | 3 4 |  4.4
Conjurations   | 4 5 |  5.4
Armour         | |  0.3

Action                     |  1- 3 |  4- 6 |  7- 9 || total
---------------------------+-------+-------+-------++-------
  Melee: Hand axe          |   113 |   141 |   180 ||   434
         Punch             |     1 |     1 |       ||     2
         Tailslap          |     9 |    13 |    27 ||    49
   Cast: Kiss of Death     |     1 |     3 |     1 ||     5
         Momentum Strike   |     1 |       |       ||     1
 Invoke: Curse Item        |       |       |     1 ||     1
    Use: Scroll            |     2 |     6 |    10 ||    18
         Potion            |     1 |     3 |     5 ||     9
   Stab: Distracted        |       |       |     2 ||     2
 Armour: Leather armour    |    32 |    45 |   115 ||   192
  Dodge: Dodged            |    67 |    73 |   176 ||   316
